 Dungeon Crawl Stone Soup version 0.32-a0-18-g89e19f1974 (webtiles) character file.

Game seed: 2445860786901715745

250 p00ps00p the Trooper (level 6, -9/51 (56) HPs)
             Began as a Hill Orc Fighter on Jan 16, 2024.
             Mangled by a wight
             ... wielding a +2 flail
              (10 damage)
             ... on level 4 of the Dungeon.
             The game lasted 00:03:08 (3112 turns).

p00ps00p the Trooper (Hill Orc Fighter)             Turns: 3112, Time: 00:03:09

HP:   -9/51 (56)    AC:  8    Str: 21    XL:     6   Next: 13%
MP:   6/6           EV:  9    Int:  8    God:
Gold: 206           SH:  4    Dex: 10    Spells: 5/5 levels left

rFire   . . .        a - +0 war axe
rCold   . . .        c - +0 buckler
rNeg    . . .        b - +0 scale mail
rPois   .            (no helmet)
rElec   .            (no cloak)
rCorr   .            h - +0 pair of gloves
SInv    .            (no boots)
Will    .....        (no amulet) Stlth
                     (no ring)
HPRegen 0.28/turn    (no ring)
MPRegen 0.10/turn

%: no passive effects
@: drained
A: no striking features
a: no special abilities


You were on level 4 of the Dungeon.
You visited 1 branch of the dungeon, and saw 5 of its levels.

You collected 206 gold pieces.

Inventory:

Hand Weapons
 a - a +0 war axe (weapon)
Armour
 b - a +0 scale mail (worn)
 c - a +0 buckler (worn)
 h - a +0 pair of gloves (worn)
Jewellery
 e - a ring of wizardry
Scrolls
 i - a scroll of teleportation
 k - a scroll of amnesia
Potions
 d - a potion of ambrosia {unknown}
 f - 2 potions of attraction {unknown}
 g - 4 potions of curing
 j - a potion of magic {unknown}
 l - 2 potions of lignification {unknown}


   Skills:
 + Level 5.0 Fighting
 + Level 4.7 Axes
 + Level 4.6 Armour
 + Level 4.6 Shields


You had 5 spell levels left.
You didn't know any spells.
Your spell library contained the following spells:

 Spells                   Type           Power      Damage    Failure   Level
 Magic Dart               Conj           0%         1d3       80%         1
 Blink                    Tloc           0%         N/A       91%         2
 Call Imp                 Summ           0%         N/A       91%         2
 Cigotuvi's Dreadful Rot  Necr/Alch/Air  0%         N/A       91%         2
 Ignite Poison            Fire/Alch      0%         N/A       100%        4
 Manifold Assault         Tloc           0%         N/A       100%        4
 Summon Blazeheart Golem  Fire/Summ      0%         N/A       100%        4
 Freezing Cloud           Conj/Ice/Air   0%         6-21      100%        5
 Dispersal                Tloc           0%         N/A       100%        6
 Orb of Destruction       Conj           0%         9d5       100%        7
 Spellforged Servitor     Conj/Summ      0%         N/A       100%        7
 Disjunction              Tloc           0%         N/A       100%        8


Dungeon Overview and Level Annotations

Branches:
Dungeon (5/15)
 Temple: D:4-7

Altars:


Message History

The orc hits you but does no damage.
The wight hits you from afar with a +3 halberd!
You are too injured to fight recklessly!
Unknown command.
You are too injured to fight recklessly!
Unknown command.
A phantom comes into view.
The wight closely misses you.
A shadow imp comes into view.
The orc barely misses you. The orc hits you but does no damage.
There is a stone staircase leading up here.
You block the orc's attack. The orc completely misses you.
The wight hits you from afar with a +3 halberd.
The wight hits you but does no damage.
You climb upwards.
There is a stone staircase leading down here.
You are too injured to fight recklessly!
Unknown command.
You are too injured to fight recklessly!
Unknown command.
You hit the wight but do no damage. You hit the orc.
The wight closely misses you. The orc hits you but does no damage.
The wight hits you with a +2 flail.
You feel drained.
* * * LOW HITPOINT WARNING * * *
The orc hits you with a +0 club.
* * * LOW HITPOINT WARNING * * *
You closely miss the wight. You closely miss the orc.
The wight hits you with a +2 flail!
* * * LOW HITPOINT WARNING * * *
You feel drained.
* * * LOW HITPOINT WARNING * * *
The orc completely misses you.
You barely miss the wight. You hit the orc.
You kill the orc!
The wight hits you with a +2 flail.
* * * LOW HITPOINT WARNING * * *
You slash the wight!
The wight is heavily damaged.
The wight hits you with a +2 flail!
You die...

#.##..#####.#####..#.#.##...
#>##..# #.# #......##.##
#.##..# #.# #..........#
#.##.># #.#####.#..##..#..
#.##..# #....##...####...#
#.....# ##.##......^.....##
#.###.####...####..#########
#.........).................
#.##.....#z@.#####..########
#.##..#####.## #..#
#.##...## #.# #..# #.......#
#.# #..# ####...## #.# #..#
#...####.######..#
#................#
##.#.####.#######.#
##.###.###...>..##.###


You could see a wight.

Vanquished Creatures
  A bombardier beetle (D:4)
  A hound (D:4)
  A jelly (D:4)
  An iguana (D:4)
  A gnoll (D:1)
  4 adders (D:2)
  3 dart slugs
  4 orcs
  9 ball pythons
  7 bats
  4 endoplasms
  2 giant cockroaches (D:1)
  3 goblins
  7 hobgoblins
  6 jackals
  7 kobolds
  3 quokkas
  A frilled lizard (D:2)
  3 rats
68 creatures vanquished.

Notes
Turn   | Place    | Note
-------+----------+-------------------------------------------
     0 | D:1      | p00ps00p the Hill Orc Fighter began the quest for the Orb.
     0 | D:1      | Reached XP level 1. HP: 19/19 MP: 1/1
    68 | D:1      | Reached XP level 2. HP: 24/27 MP: 2/2
   219 | D:1      | Reached skill level 4 in Fighting
   219 | D:1      | Reached XP level 3. HP: 29/33 MP: 3/3
   297 | D:1      | Found a faded altar of an unknown god.
   844 | D:2      | Reached XP level 4. HP: 17/40 MP: 4/4
  2261 | D:3      | Reached XP level 5. HP: 45/47 MP: 5/5
  2835 | D:4      | Reached skill level 5 in Fighting
  2835 | D:4      | Reached XP level 6. HP: 38/56 MP: 6/6
  3102 | D:5      | Entered Level 5 of the Dungeon
  3110 | D:4      | HP: 1/51 [wight/+2 flail (3)]
  3112 | D:4      | Mangled by a wight

Illustrated notes

Levels and vault maps discovered:
D:1:      dpeg_arrival_round_a, layout_basic,
          shapermc_ecumenical_altar_mp_ritualfount, st_stairs_7
D:2:      minmay_evil_eye, layout_loops_cross, serial_glass, glass_columns_a,
          glass_columns_a, due_unseen_surprise, feat_on_display
D:3:      layout_basic
D:4:      layout_loops_ring
D:5:      layout_cave_pools, fedhas_ov_isle_minmay, marbit_many_paths,
          mainiacjoe_overflow_alcove_4

Skill      XL: |  1  2  3  4  5 |
---------------+----------------+-----
Axes           | 3 4 |  4.7
Fighting       | 4 5 |  5.0
Shields        | 4 |  4.6
Armour         | 4 |  4.6

Action                     |  1- 3 |  4- 6 || total
---------------------------+-------+-------++-------
  Melee: War axe           |    90 |   134 ||   224
    Use: Scroll            |     1 |     5 ||     6
         Potion            |       |     1 ||     1
 Armour: Scale mail        |    80 |    89 ||   169
  Dodge: Dodged            |    55 |    69 ||   124
  Block: Buckler           |    19 |    29 ||    48

Table legend: (Time is in decaauts)
 A = Elapsed time spent in this place.
 B = Non-inter-level travel time spent in this place.
 C = Inter-level travel time spent in this place.
 D = Time resting spent in this place.
 E = Time spent auto-exploring this place.
 F = Levels seen in this place.
 G = Mean time per level.
                   A        B        C        D        E       F      G
               +--------+--------+--------+--------+--------+-----+--------+
         Total |   3189 |   3108 |     81 |     53 |   2535 |   5 |  637.8 |
       Dungeon |   3189 |   3108 |     81 |     53 |   2535 |   5 |  637.8 |
               +--------+--------+--------+--------+--------+-----+--------+

Top non-repeatable levels by time:
     D:2: 894 daAuts
     D:1: 804 daAuts
     D:4: 782 daAuts
     D:3: 702 daAuts
     D:5: 6 daAuts
